 Dungeon Crawl Stone Soup version 0.21.0-25-ge575cb9 (webtiles) character file.

256 Amnesiac the Ruffian (level 6, -1/51 (53) HPs)
             Began as a Ghoul Venom Mage on Jan 25, 2018.
             Slain by a sky beast (6 damage)
             ... on level 4 of the Dungeon.
             The game lasted 00:06:50 (3032 turns).

Amnesiac the Ruffian (Ghoul Venom Mage)             Turns: 3032, Time: 00:06:51

HP:   -1/51 (53)    AC:  7    Str: 13    XL:     6   Next: 15%
MP:   2/7           EV:  9    Int: 10    God:
Gold: 176           SH:  0    Dex: 10    Spells: 3/8 levels left

rFire    . . .     SeeInvis .     - Unarmed
rCold    + . .     Gourm    .   (no shield)
rNeg     + + +     Faith    .   k - +0 scale mail
rPois    ∞         Spirit   .   (no helmet)
rElec    .         Reflect  .   (no cloak)
rCorr    .         Harm     .   q - +0 pair of gloves
MR       .....                  (no boots)
Stlth    +.........             (no amulet)
HPRegen  0.00/turn              f - ring of stealth
MPRegen  0.10/turn              (no ring)

@: slightly contaminated, rotting
A: rotting body, claws 1, carnivore, cold resistance 1, negative energy
resistance 3, inhibited regeneration, torment resistance, unbreathing
a: no special abilities


You were on level 4 of the Dungeon.
You were not hungry.

You visited 1 branch of the dungeon, and saw 5 of its levels.

You collected 176 gold pieces.

Inventory:

Missiles
 g - 223 stones (quivered)
Armour
 k - a +0 scale mail (worn)
 q - a +0 pair of gloves (worn)
Jewellery
 f - a ring of stealth (left hand)
Scrolls
 h - 2 scrolls of remove curse {!r}
 m - a scroll of teleportation {!r}
 s - a scroll of enchant weapon {!r}
Potions
 a - a potion of degeneration {!q, unknown}
 d - a potion of haste {!q}
 e - a potion of invisibility {!q, unknown}
 i - a potion of mutation {!q, unknown}
 j - a potion of flight {!q}
 n - a potion of ambrosia {!q}
 o - a potion of agility {!q}
 p - a potion of brilliance {!q}
Books
 b - a Young Poisoner's Handbook

   Spells                             Type                      Level
   a - Sting                          Conjuration/Poison           1
   b - Poisonous Vapours              Poison/Air                   2
   c - Mephitic Cloud                 Conjuration/Poison/Air       3
   d - Olgreb's Toxic Radiance        Poison                       4
   e - Venom Bolt                     Conjuration/Poison           5
Comestibles
 c - 6 rations


   Skills:
 + Level 4.3 Fighting
 - Level 1.7 Dodging
 - Level 2.1 Stealth
 + Level 4.4 Unarmed Combat
 - Level 1.7 Spellcasting
 - Level 0.7 Conjurations
 - Level 3.0 Poison Magic


You had 3 spell levels left.
You knew the following spells:

 Your Spells              Type           Power        Failure   Level  Hunger
a - Sting                 Conj/Pois      #...         58%         1    ##.....
b - Olgreb's Toxic Radia  Pois           #.......     99%         4    #####..


Dungeon Overview and Level Annotations

Branches:
Dungeon (5/15)
 Temple: D:4-7

Altars:
Cheibriados
Dithmenos
Elyvilon
Ru

Annotations:
D:3 Lanoc's ghost, amateur NaMo


Innate Abilities, Weirdness & Mutations

Your body is rotting away.
You thrive on raw meat.
You are immune to poison.
You have sharp fingernails.
You are carnivorous and can eat meat at any time.
Your flesh is cold resistant. (rC+)
You are immune to negative energy. (rN+++)
You do not regenerate when monsters are visible.
You are immune to unholy pain and torment.
You can survive without breathing.


Message History

You hit something. Something hits you but does no damage.
You closely miss something. Something hits you but does no damage.
You miss something. Something hits you but does no damage.
You hit something. Something hits you but does no damage.
Casting: Olgreb's Toxic Radiance
Confirm with . or Enter, or press ? or * to list all spells.
You can't see any susceptible monsters within range! (Use Z to cast anyway.) Unknown command.
Casting: Olgreb's Toxic Radiance
Confirm with . or Enter, or press ? or * to list all spells.
The spell is very dangerous to cast!
Continue anyway?
You miscast Olgreb's Toxic Radiance.
You are contaminated with residual magic.
Nothing appears to happen.
Something hits you. Something shocks you.
* * * LOW HITPOINT WARNING * * *
There is an escape hatch in the ceiling here.
Something hits you but does no damage. A mysterious force pulls you upwards.
The hatch slams shut behind you.
A sky beast appears from thin air!
Reactivating autopickup.
The sky beast flickers out of sight!
Deactivating autopickup; reactivate with Ctrl-A.
A sky beast appears from thin air!
Reactivating autopickup.
You hit the sky beast.
The sky beast is severely wounded.
The sky beast hits you.
* * * LOW HITPOINT WARNING * * *
The sky beast shocks you.
* * * LOW HITPOINT WARNING * * *
Your scale mail prevents you from hitting the sky beast.
The sky beast is severely wounded.
The sky beast hits you but does no damage.
You closely miss the sky beast.
The sky beast is severely wounded.
The sky beast hits you but does no damage.
You closely miss the sky beast.
The sky beast is severely wounded.
You closely miss the sky beast.
The sky beast is severely wounded.
The sky beast hits you but does no damage.
Your scale mail prevents you from hitting the sky beast.
The sky beast is severely wounded.
The sky beast flickers out of sight!
Deactivating autopickup; reactivate with Ctrl-A.
Something hits you.
* * * LOW HITPOINT WARNING * * *
Something shocks you.
* * * LOW HITPOINT WARNING * * *
You feel less contaminated with magical energies.
A sky beast appears from thin air!
Reactivating autopickup.
You closely miss the sky beast.
The sky beast is heavily wounded.
The sky beast misses you.
You barely miss the sky beast.
The sky beast is heavily wounded.
The sky beast closely misses you.
You barely miss the sky beast.
The sky beast is heavily wounded.
The sky beast hits you.
* * * LOW HITPOINT WARNING * * *
The sky beast shocks you.
You die...

### #.. #.# #.#
#@# ###.##### #Y#
...[.....#
#.##..........#
#.##..........#
#.##..........#
#.##..........#
#.##..........####
#≈##..............
#.##..........####


You could see a sky beast.

Vanquished Creatures
  An ogre (D:4)
  A bullfrog skeleton (D:4)
  2 worker ants (D:4)
  2 adders (D:3)
  An ooze (D:1)
  3 worms
  2 dart slugs (D:1)
  2 leopard geckos
  3 orcs
  A giant cockroach (D:1)
  6 goblins
  6 hobgoblins
  7 jackals
  A quokka (D:2)
  2 ball pythons
  10 bats
  4 frilled lizards
  9 kobolds
  A leopard gecko skeleton (D:4)
  8 rats
72 creatures vanquished.

Notes
Turn   | Place    | Note
-------+----------+-------------------------------------------
     0 | D:1      | Amnesiac the Ghoul Venom Mage began the quest for the Orb.
     0 | D:1      | Reached XP level 1. HP: 14/14 MP: 2/2
   116 | D:1      | Reached skill level 1 in Fighting
   116 | D:1      | Reached skill level 1 in Unarmed Combat
   120 | D:1      | Reached XP level 2. HP: 14/23 MP: 3/3
   255 | D:1      | You fall through a shaft!
   488 | D:1      | Reached XP level 3. HP: 23/29 MP: 4/4
  1138 | D:2      | Found a white marble altar of Elyvilon.
  1165 | D:2      | Reached XP level 4. HP: 16/37 MP: 5/5
  1257 | D:2      | Learned a level 4 spell: Olgreb's Toxic Radiance
  1402 | D:2      | Found a sacrificial altar of Ru.
  1992 | D:3      | Found a snail-covered altar of Cheibriados.
  2022 | D:3      | Found a shadowy altar of Dithmenos.
  2042 | D:3      | Noticed Lanoc's ghost (amateur NaMo)
  2259 | D:4      | Reached XP level 5. HP: 8/45 MP: 3/6
  2600 | D:4      | Noticed an ogre
  2632 | D:4      | Killed an ogre
  2632 | D:4      | Reached XP level 6. HP: 8/53 MP: 3/7
  2814 | D:5      | Entered Level 5 of the Dungeon
  2992 | D:5      | Noticed a sky beast
  3032 | D:4      | Slain by a sky beast

Skill      XL: |  1  2  3  4  5 |
---------------+----------------+-----
Fighting       | 1 2 3 4 |  4.3
Unarmed Combat | 1 2 3 4 |  4.4
Dodging        | |  1.7
Stealth        | |  2.1
Spellcasting   | |  1.7
Conjurations   | |  0.7
Poison Magic   | |  3.0

Action                   |  1- 3 |  4- 6 || total
-------------------------+-------+-------++-------
Melee: Unarmed           |   177 |   183 ||   360
       Punch             |       |     1 ||     1
  Use: Scroll            |       |     9 ||     9
       Potion            |       |     3 ||     3
 Stab: Sleeping          |     2 |       ||     2
       Confused          |       |     1 ||     1
  Eat: Chunk             |    19 |    15 ||    34
       Ration            |       |     1 ||     1
Armor: Robe              |    35 |     1 ||    36
       Scale mail        |       |    68 ||    68
Dodge: Dodged            |   125 |    80 ||   205
